cohdb
Replays
Latest Replays
All Replays
Popular Replays
Top Player Replays
Match Explorer
How It Works
Community
CoH3 Stats
Reddit
Sign in to upload your games and track your stats! →
Sign in with Steam
Match 43958076
Unlisted
Match 43958076
Overview
Messages
Build Orders
End
Royal Engineer Section
Construct Section Command Post
Dingo Light Scout Car
Selects Heavy Armor Battlegroup
Infantry Section
Infantry Section
Construct Platoon Command Post
Unlock M3 Stuart Light Tanks
Infantry Section
Selects Rigorous Vehicle Training
Selects Light Vehicle Withdraw and Refit
M3 Stuart Light Tank
Selects Radio Net
Light Vehicle Withdraw and Refit
M3 Stuart Light Tank
Light Vehicle Training
Vickers Machine Gun Team
Construct Field Infirmary
Construct Field Infirmary
Selects Designate Targets
Radio Net
M3 Stuart Light Tank
Designate Targets
CMP 15cwt Truck
Radio Net
DrewP
Dillbro
Corr_
Atomic1105
0
0
Comments
sign in to comment!
No comments posted yet!